 Dungeon Crawl Stone Soup version 0.24-a0-307-gf989941 (webtiles) character file.

Game seed: 10987171655602559754

1025 MisterFreud the Ducker (level 8, 0/46 HPs)
             Began as an Octopode Air Elementalist on May 13, 2019.
             Slain by a bullfrog (5 damage)
             ... on level 5 of the Dungeon.
             The game lasted 00:21:29 (6799 turns).

MisterFreud the Ducker (Octopode Air Elementalist)  Turns: 6799, Time: 00:21:30

Health: 0/46       AC:  3    Str: 10    XL:     8   Next: 23%
Magic:  6/11       EV: 16    Int: 20    God:
Gold:   254        SH:  0    Dex: 12    Spells: 1/11 levels left

rFire    . . .     SeeInvis .   m - +1 dagger
rCold    . . .     Gourm    +   (no shield)
rNeg     . . .     Faith    .   a - +2 hat
rPois    .         Spirit   .   j - amulet of the gourmand
rElec    .         Reflect  .   u - +3 ring of strength
rCorr    .         Harm     .   (no ring)
MR       .....                  (no ring)
Stlth    ++++......             (no ring)
HPRegen  0.15/turn              (no ring)
MPRegen  0.12/turn              (no ring)
                                (no ring)
                                (no ring)

@: no status effects
A: almost no armour, stealthy swim, amphibious, 8 rings, constrict 8, camouflage
1, gelatinous body 1
a: no special abilities


You were on level 5 of the Dungeon.
You were completely stuffed.

You visited 1 branch of the dungeon, and saw 6 of its levels.

You collected 254 gold pieces.

Inventory:

Hand Weapons
 m - a +1 dagger (weapon)
Missiles
 f - 88 stones (quivered)
 i - 16 poisoned darts
 l - 76 arrows
 p - 45 bolts
 q - a throwing net
 r - 77 sling bullets
 v - 8 javelins
 w - 6 boomerangs
Armour
 a - a +2 hat (worn)
Jewellery
 j - an amulet of the gourmand (around mantle)
 u - a +3 ring of strength (left tentacle)
Wands
 y - a wand of flame (10)
Scrolls
 c - 2 scrolls of teleportation
 d - a scroll of blinking
 k - 5 scrolls of remove curse
 s - a scroll of fear
Potions
 e - 3 potions of curing
 g - a potion of agility
 h - a potion of lignification {unknown}
 n - 2 potions of flight {unknown}
 o - a potion of mutation {unknown}
 t - a potion of invisibility {unknown}
 x - a potion of heal wounds
 z - a potion of ambrosia {unknown}
 A - a potion of berserk rage {unknown}
Comestibles
 b - 9 rations
 B - a chunk of flesh


   Skills:
 - Level 6.1 Dodging
 - Level 6.0 Stealth
 - Level 2.0 Spellcasting
 - Level 4.1 Conjurations
 + Level 5.5 Air Magic


You had one spell level left.
You knew the following spells:

 Your Spells              Type           Power        Failure   Level  Hunger
a - Shock                 Conj/Air       ###.         2%          1    #......
b - Swiftness             Chrm/Air       ##......     8%          2    ##.....
c - Airstrike             Air            ###.......   16%         4    #####..
d - Static Discharge      Conj/Air       ###.....     7%          3    ###....

Your spell library contained the following spells:

 Spells                   Type           Power        Failure   Level  Hunger
 Lightning Bolt           Conj/Air       ###.......   52%         5    ######.


Dungeon Overview and Level Annotations

Branches:
Dungeon (6/15)
 Temple: D:4-7

Altars:
Ru

Annotations:
D:6 1 runed translucent door


Innate Abilities, Weirdness & Mutations

You cannot wear most types of armour.
You are very stealthy in the water. (Stealth+)
You are amphibious.
You can wear up to eight rings at the same time.
You can use your tentacles to constrict eight enemies at once.
Your skin changes colour to match your surroundings (Stealth+).
Your rubbery body absorbs attacks. (AC +1, EV +1)


Message History

* * * LOW HITPOINT WARNING * * *
You climb upwards.
There is a stone staircase leading down, spattered with blood here.
Casting: Shock (safe; 2% risk of failure)
Confirm with . or Enter, or press ? or * to list all spells.
Aiming: Shock (safe; 2% risk of failure)
Press: ? - help, Shift-Dir - straight line, f - bullfrog
Aim: a bullfrog (almost dead)
The zap hits the bullfrog.
The bullfrog is almost dead.
The bullfrog hits you but does no damage.
Casting: Shock (safe; 2% risk of failure)
Confirm with . or Enter, or press ? or * to list all spells.
Aiming: Shock (safe; 2% risk of failure)
Press: ? - help, Shift-Dir - straight line, f/p - bullfrog
Aim: a bullfrog (almost dead)
The zap misses the bullfrog.
The bullfrog hits you.
* * * LOW HITPOINT WARNING * * *
The bullfrog hits you.
You die...

#.......# #.......#
#.......# #.......#
####......#
..##......#
..##......#######
....[.....#.....##
...............F@#
.................#
.................#
...#...####).##.####
.........##..##.#..#
.#.#.#.#...........#
.......)...........#
.#.#.#>#...........#
..........##.##.####


You could see a bullfrog.

Vanquished Creatures
  An ogre (D:4)
  A centaur (D:5)
  A bullfrog (D:6)
  A water moccasin skeleton (D:5)
  A howler monkey (D:4)
  2 crimson imps
  A centaur zombie (D:5)
  A jelly (D:5)
  An orc priest (D:4)
  2 hounds
  5 orc wizards (D:4)
  2 iguanas
  A worker ant (D:4)
  A hound zombie (D:5)
  A hound skeleton (D:6)
  7 gnolls
  6 adders
  2 shadow imps
  An adder skeleton (D:4)
  2 worms
  3 leopard geckos
  18 orcs
  6 giant cockroaches
  3 goblins
  6 hobgoblins
  11 jackals
  8 kobolds
  A quokka (D:4)
  6 bats
  5 frilled lizards
  A leopard gecko skeleton (D:5)
  6 rats
114 creatures vanquished.

Vanquished Creatures (others)
  5 plants (D:4)
5 creatures vanquished.

Grand Total: 119 creatures vanquished

Notes
Turn   | Place    | Note
-------+----------+-------------------------------------------
     0 | D:1      | MisterFreud the Octopode Air Elementalist began the quest
                  | for the Orb.
     0 | D:1      | Reached XP level 1. HP: 11/11 MP: 3/3
   166 | D:1      | Reached XP level 2. HP: 4/17 MP: 0/5
  1111 | D:1      | Learned a level 2 spell: Swiftness
  1171 | D:2      | Reached XP level 3. HP: 21/21 MP: 6/6
  1620 | D:2      | Reached XP level 4. HP: 27/27 MP: 5/7
  1779 | D:2      | Noticed a sky beast
  2155 | D:2      | Found a sacrificial altar of Ru.
  2973 | D:4      | Reached XP level 5. HP: 15/31 MP: 4/8
  3517 | D:4      | Reached skill level 5 in Stealth
  3517 | D:4      | Reached XP level 6. HP: 33/36 MP: 4/9
  4254 | D:4      | Reached XP level 7. HP: 32/41 MP: 1/10
  4636 | D:5      | Entered Level 5 of the Dungeon
  4712 | D:4      | HP: 2/41 [something/puff of flame (10)]
  5182 | D:5      | Reached skill level 5 in Dodging
  5934 | D:5      | Reached XP level 8. HP: 14/46 MP: 8/11
  6358 | D:6      | Found a runed translucent door.
  6369 | D:6      | Reached skill level 5 in Air Magic
  6763 | D:5      | Learned a level 4 spell: Airstrike
  6767 | D:5      | Learned a level 3 spell: Static Discharge
  6799 | D:5      | Slain by a bullfrog

Levels and vault maps discovered:
D:1:      sevenhm_arrival_forest_fort_small_4, layout_loops_ring
D:2:      layout_basic, first_ration, nicolae_ru_path_of_blood
D:3:      layout_loops_ring, chequers_serial_rivers_marsh, chequers_arboretum
D:4:      layout_loops_corners, serial_bayou, serial_bayou_lagoon_a,
          serial_bayou_shore_b, serial_bayou_pond_d, serial_bayou_shore_b
D:5:      layout_gridville, st_stairs_2
D:6:      layout_cave_pools, gammafunk_ghost_grave, grunt_qazlal_clouds

Skill      XL: |  1  2  3  4  5  6  7  8 |
---------------+-------------------------+-----
Stealth        | 3 4 5 6 |  6.0
Conjurations   | 2 3 4 |  4.1
Air Magic      | 4 5 |  5.5
Dodging        | 4 6 |  6.1
Spellcasting   | |  2.0

Action                   |  1- 3 |  4- 6 |  7- 9 || total
-------------------------+-------+-------+-------++-------
Melee: Unarmed           |    29 |       |       ||    29
       Constrict         |    20 |    15 |    16 ||    51
       Tentacles         |     8 |    10 |    18 ||    36
       Dagger            |    53 |    75 |    71 ||   199
 Cast: Shock             |     7 |    42 |    59 ||   108
       Swiftness         |       |     1 |     1 ||     2
       Static Discharge  |       |       |     1 ||     1
  Use: Scroll            |     7 |     5 |     1 ||    13
       Potion            |       |     1 |     1 ||     2
 Stab: Sleeping          |    12 |     7 |     5 ||    24
  Eat: Chunk             |    16 |     8 |     9 ||    33
Armor: Skin              |    21 |    11 |    10 ||    42
Dodge: Dodged            |    52 |    61 |    88 ||   201

Table legend:
 A = Non-vault XP
 B = Vault XP
 C = Vault XP percentage of total XP
 D = Non-vault monster count
 E = Vault monster count
 F = Vault count percentage of total count
                 A         B        C        D         E       F
            +---------+---------+-------+---------+---------+-------
      Total |    1419 |      46 |   3.1 |     112 |       2 |   1.8
            +---------+---------+-------+---------+---------+-------
        D:1 |      32 |       0 |   0.0 |      14 |       0 |   0.0
        D:2 |      60 |       0 |   0.0 |      22 |       0 |   0.0
        D:3 |      60 |       0 |   0.0 |      18 |       0 |   0.0
        D:4 |     647 |       0 |   0.0 |      31 |       0 |   0.0
        D:5 |     420 |      46 |   9.9 |      20 |       2 |   9.1
        D:6 |     200 |       0 |   0.0 |       7 |       0 |   0.0
            +---------+---------+-------+---------+---------+-------
